[Event "Titled Tuesday Blitz March 28 Early 2023"]
[White "Vidit, Santosh Gujrathi"]
[Black "Kozin, Yuri"]
[WhiteFideId "5029465"]
[BlackFideId "4129920"]
[WhiteElo "2651"]
[BlackElo "2524"]
[Result "1-0"]
[Round "03"]
[TimeControl "180+2"]
[Date "2023.03.28"]
[WhiteClock "0:01:44"]
[BlackClock "0:00:18"]

1. e4 c5 2. Nf3 e6 3. d4 cxd4 4. Nxd4 Nf6 5. Nc3 d6 6. Be3 a6 7. a4 Nc6 8. Be2 Be7 9. O-O O-O 10. f4 Qc7 11. Kh1 Nxd4 12. Qxd4 e5 13. Qd2 exf4 14. Rxf4 Be6 15. a5 Nd7 16. Nd5 Bxd5 17. exd5 Bg5 18. Rc4 Bxe3 19. Rxc7 Bxd2 20. Rxd7 Rfe8 21. Bf1 Rac8 22. c3 Rb8 23. Rxd6 Bf4 24. Rd7 Red8 25. Rxd8+ Rxd8 26. Rd1 Kf8 27. g3 Be5 28. Bg2 Rd6 29. Rd3 Ke7 30. b4 h5 31. c4 b6 32. c5 bxc5 33. bxc5 Rf6 34. d6+ Kd8 35. Rb3 g5 36. Rb8+ Kd7 37. Rb7+ Ke6 38. Re7+ Kf5 39. Rxe5+ Kxe5 40. d7 1-0


[Site "https://www.chess.com"]

[Event "Titled Tuesday Blitz March 28 Early 2023"]
[White "Nguyen, Ngoc Truong Son"]
[Black "Shevtchenko, Olesya"]
[WhiteFideId "12401110"]
[BlackFideId "24131890"]
[WhiteElo "2571"]
[BlackElo "2003"]
[Result "1-0"]
[Round "03"]
[TimeControl "180+2"]
[Date "2023.03.28"]
[WhiteClock "0:00:26"]
[BlackClock "0:00:50"]

1. d4 Nf6 2. Nf3 e6 3. Bf4 d5 4. e3 c5 5. c4 cxd4 6. Nxd4 dxc4 7. Bxc4 e5 8. Bb5+ Bd7 9. Bxe5 a6 10. Bxf6 Qxf6 11. Bxd7+ Nxd7 12. Nc3 Bb4 13. Rc1 O-O 14. O-O Rfd8 15. Nd5 Qd6 16. Nf5 Qf8 17. Rc7 Nb6 18. Nxb6 Rxd1 19. Rxd1 Re8 20. Nd7 Rd8 21. Rd4 Qe8 22. Nh6+ Kh8 23. Ne5 gxh6 24. Rxd8 Qxd8 25. Nxf7+ Kg7 26. Nxd8+ Kg6 27. Nxb7 Kh5 28. Nc5 Bxc5 29. Rxc5+ Kh4 30. Ra5 h5 31. f3 h6 32. g3+ Kh3 33. Rxh5# 1-0


[Site "https://www.chess.com"]

[Event "Titled Tuesday Blitz March 28 Early 2023"]
[White "Anton Guijarro, David"]
[Black "Girya, Olga"]
[WhiteFideId "2285525"]
[BlackFideId "4195752"]
[WhiteElo "2618"]
[BlackElo "2263"]
[Result "1-0"]
[Round "03"]
[TimeControl "180+2"]
[Date "2023.03.28"]
[WhiteClock "0:01:14"]
[BlackClock "0:00:03"]

1. Nf3 d5 2. c4 e6 3. g3 Nf6 4. Bg2 Be7 5. O-O O-O 6. b3 b6 7. cxd5 Nxd5 8. Bb2 Bb7 9. d4 Nd7 10. Re1 N5f6 11. Nc3 c5 12. e4 cxd4 13. Nxd4 Bc5 14. Re2 Ne5 15. Na4 Be7 16. Nxe6 fxe6 17. Bxe5 b5 18. Rd2 Qa5 19. Bc3 Bb4 20. Bxb4 Qxb4 21. Rd4 Qa5 22. Nc5 e5 23. b4 Qb6 24. Rd6 Qc7 25. Ne6 1-0


[Site "https://www.chess.com"]

[Event "Titled Tuesday Blitz March 28 Early 2023"]
[White "Kramnik, Vladimir"]
[Black "Arias, Juan Cruz"]
[WhiteFideId "4101588"]
[BlackFideId "118540"]
[WhiteElo "2712"]
[BlackElo "2243"]
[Result "1-0"]
[Round "03"]
[TimeControl "180+2"]
[Date "2023.03.28"]
[WhiteClock "0:00:40"]
[BlackClock "0:00:21"]

1. c4 e6 2. Nc3 d5 3. d4 Nf6 4. cxd5 exd5 5. Bg5 c6 6. e3 h6 7. Bh4 Be7 8. Bd3 O-O 9. Nge2 Nbd7 10. O-O Re8 11. f3 b5 12. Kh1 a5 13. Rc1 Nb6 14. Bf2 Nc4 15. Qc2 a4 16. Bg1 Bf8 17. e4 dxe4 18. fxe4 Be6 19. Nf4 Nb6 20. b3 Ba3 21. Nxe6 Rxe6 22. Rcd1 Nbd7 23. d5 cxd5 24. exd5 Re5 25. Bxb5 axb3 26. Qxb3 Bd6 27. Bc6 Ra3 28. Qb2 Rh5 29. Bxd7 Qxd7 30. Rxf6 gxf6 31. Ne4 Kf8 32. Nxf6 Qa4 33. Re1 Rxa2 34. Nd7+ Qxd7 35. Qh8# 1-0


[Site "https://www.chess.com"]

[Event "Titled Tuesday Blitz March 28 Early 2023"]
[White "Sjugirov, Sanan"]
[Black "Moral Garcia, Serafin"]
[WhiteFideId "4189302"]
[BlackFideId "2201925"]
[WhiteElo "2569"]
[BlackElo "2254"]
[Result "1-0"]
[Round "03"]
[TimeControl "180+2"]
[Date "2023.03.28"]
[WhiteClock "0:00:17"]
[BlackClock "0:00:16"]

1. d4 Nf6 2. Nf3 g6 3. c4 Bg7 4. g3 O-O 5. Bg2 d5 6. O-O dxc4 7. Na3 c3 8. bxc3 c5 9. e3 Nc6 10. Rb1 Nd5 11. Bd2 Nb6 12. Qe2 Bf5 13. Rb5 cxd4 14. exd4 Rc8 15. Re1 Re8 16. Rc5 Be6 17. Ng5 Bd5 18. Bxd5 Nxd5 19. Nxf7 Qd7 20. Ng5 e5 21. Qc4 Ne7 22. dxe5 b6 23. Rxc8 Rxc8 24. Qb3 h6 25. Ne4 Kh7 26. c4 Nc7 27. Nf6+ Bxf6 28. exf6 Nf5 29. Bc3 Ne6 30. Qb5 Qxb5 31. Nxb5 Ned4 32. Nxd4 1-0


[Site "https://www.chess.com"]

[Event "Titled Tuesday Blitz March 28 Early 2023"]
[White "Estrada Nieto, Julian"]
[Black "Dominguez Perez, Leinier"]
[WhiteFideId "5101018"]
[BlackFideId "3503240"]
[WhiteElo "2176"]
[BlackElo "2647"]
[Result "0-1"]
[Round "03"]
[TimeControl "180+2"]
[Date "2023.03.28"]
[WhiteClock "0:00:01"]
[BlackClock "0:01:11"]

1. e4 c5 2. Nf3 d6 3. Bb5+ Nd7 4. d4 cxd4 5. Qxd4 a6 6. Bxd7+ Bxd7 7. Nc3 e5 8. Qd3 h6 9. Nd2 Rc8 10. Nc4 Nf6 11. Nxd6+ Bxd6 12. Qxd6 Qe7 13. Qxe7+ Kxe7 14. Be3 Be6 15. f3 b5 16. O-O-O Rc4 17. Kb1 Rhc8 18. Rd2 Bd7 19. Rhd1 Bc6 20. Ne2 Bd7 21. b3 R4c6 22. g4 Be6 23. g5 hxg5 24. Bxg5 Ke8 25. Bxf6 gxf6 26. Ng3 Rc3 27. Rf2 Ke7 28. Kb2 R3c7 29. Nf1 Rh8 30. Ne3 Rc5 31. Rfd2 Rh3 32. Nf5+ Bxf5 33. exf5 Rc7 34. Rd6 Rxf3 35. Rxa6 Rxf5 36. Rb6 e4 37. Re1 Re5 0-1


[Site "https://www.chess.com"]

[Event "Titled Tuesday Blitz March 28 Early 2023"]
[White "Drozdowski, Kacper"]
[Black "Alinasab, Mobina"]
[WhiteFideId "1136720"]
[BlackFideId "12528897"]
[WhiteElo "2497"]
[BlackElo "2141"]
[Result "1-0"]
[Round "03"]
[TimeControl "180+2"]
[Date "2023.03.28"]
[WhiteClock "0:00:40"]
[BlackClock "0:00:01"]

1. e4 c5 2. Nf3 e6 3. d4 cxd4 4. Nxd4 Nf6 5. Nc3 Nc6 6. Nxc6 bxc6 7. e5 Nd5 8. Ne4 Qc7 9. f4 Qb6 10. c4 Bb4+ 11. Ke2 f5 12. Nf2 Ba6 13. Kf3 Ne7 14. Be3 Bc5 15. Bxc5 Qxc5 16. Qd6 Qb6 17. b4 Nc8 18. Qc5 Qc7 19. Be2 d6 20. exd6 Nxd6 21. Rad1 Rd8 22. Rd4 O-O 23. Rhd1 Nb7 24. Qe5 Qxe5 25. fxe5 Rxd4 26. Rxd4 c5 27. bxc5 Nxc5 28. Nd3 Rc8 29. Kf4 h6 30. h4 Nxd3+ 31. Bxd3 Rc7 32. h5 Kf7 33. Ke3 Ke7 34. g4 fxg4 35. Rxg4 Kf7 36. Kd4 Rd7+ 37. Kc3 Rc7 38. Rf4+ Kg8 39. a4 Rf7 40. Rd4 Rc7 41. Rd6 Bc8 42. Kd4 Kf8 43. c5 Ke7 44. Bb5 Bd7 45. Kc4 1-0


[Site "https://www.chess.com"]

[Event "Titled Tuesday Blitz March 28 Early 2023"]
[White "Durarbayli, Vasif"]
[Black "Roebers, Eline"]
[WhiteFideId "13402935"]
[BlackFideId "1058401"]
[WhiteElo "2543"]
[BlackElo "2515"]
[Result "1-0"]
[Round "03"]
[TimeControl "180+2"]
[Date "2023.03.28"]
[WhiteClock "0:01:13"]
[BlackClock "0:00:04"]

1. e4 c5 2. Nf3 e6 3. Be2 Nc6 4. O-O Nf6 5. Nc3 Be7 6. Re1 a6 7. Bf1 d6 8. d4 cxd4 9. Nxd4 Qc7 10. a4 O-O 11. Nb3 b6 12. Be3 Bb7 13. f4 Nb4 14. Bf2 Rac8 15. a5 b5 16. Nd4 Qd7 17. e5 Nfd5 18. Ne4 Nxf4 19. exd6 Bxd6 20. Nxb5 axb5 21. Qxd6 Qxd6 22. Nxd6 Nxc2 23. Nxb7 1-0


[Site "https://www.chess.com"]

[Event "Titled Tuesday Blitz March 28 Early 2023"]
[White "Karamsetty, Jeevan"]
[Black "Mitrabha, Guha"]
[WhiteFideId "2025337"]
[BlackFideId "5057000"]
[WhiteElo "2111"]
[BlackElo "2507"]
[Result "0-1"]
[Round "03"]
[TimeControl "180+2"]
[Date "2023.03.28"]
[WhiteClock "0:00:09"]
[BlackClock "0:00:13"]

1. e4 Nc6 2. d4 e5 3. d5 Nce7 4. c4 Ng6 5. Nc3 Bc5 6. Nf3 d6 7. b4 Bb6 8. Na4 Nf6 9. Bd3 O-O 10. Bd2 Bg4 11. c5 Nxe4 12. cxb6 Nxd2 13. Qxd2 e4 14. h3 Bxf3 15. gxf3 exd3 16. bxc7 Qe8+ 17. Kf1 Qxa4 18. f4 Ne7 19. Qxd3 Qd7 20. Rg1 Rac8 21. Qc3 f6 22. Rc1 Nxd5 23. Qc4 Qc6 24. Qxc6 bxc6 25. Rxc6 Rxc7 26. Rxd6 Nxf4 27. Rd1 Rfc8 28. Rg4 g5 29. h4 Rc1 30. Ke1 Re8+ 0-1


[Site "https://www.chess.com"]

[Event "Titled Tuesday Blitz March 28 Early 2023"]
[White "Harsha Bharathakoti"]
[Black "Bruedigam, Martin"]
[WhiteFideId "5078776"]
[BlackFideId "24608033"]
[WhiteElo "2481"]
[BlackElo "2331"]
[Result "1-0"]
[Round "03"]
[TimeControl "180+2"]
[Date "2023.03.28"]
[WhiteClock "0:00:04"]
[BlackClock "0:00:01"]

1. Nf3 d5 2. e3 Nf6 3. c4 e6 4. Nc3 dxc4 5. Bxc4 a6 6. d4 b5 7. Bd3 Bb7 8. O-O Nbd7 9. e4 b4 10. e5 bxc3 11. exf6 cxb2 12. fxg7 Bxg7 13. Bxb2 O-O 14. Qe2 Rb8 15. Rab1 Bd5 16. Ba3 Re8 17. Rxb8 Qxb8 18. Ng5 Nf6 19. Rc1 c6 20. Qc2 Bh6 21. Nxh7 Nxh7 22. Bxh7+ Kg7 23. Rb1 Qf4 24. Bd3 Rh8 25. h3 Qh4 26. Bd6 Bf4 27. Bxf4 Qxf4 28. Bf1 Rh5 29. Qe2 Rg5 30. Qe3 Qf6 31. Rc1 Qg6 32. g3 Rh5 33. Bg2 1-0


[Site "https://www.chess.com"]

[Event "Titled Tuesday Blitz March 28 Early 2023"]
[White "Jumanov, Elbek"]
[Black "Chigaev, Maksim"]
[WhiteFideId "14202905"]
[BlackFideId "4108116"]
[WhiteElo "2055"]
[BlackElo "2547"]
[Result "0-1"]
[Round "03"]
[TimeControl "180+2"]
[Date "2023.03.28"]
[WhiteClock "0:00:01"]
[BlackClock "0:00:10"]

1. c4 Nf6 2. Nf3 e6 3. g3 d5 4. d4 Bb4+ 5. Bd2 a5 6. Bg2 dxc4 7. O-O O-O 8. Qc2 c5 9. dxc5 Bxc5 10. Qxc4 b6 11. Nc3 Bb7 12. Rfd1 Nbd7 13. Bf4 Qe7 14. Na4 Rfc8 15. Nxc5 Nxc5 16. Bd6 Qe8 17. Bxc5 Rxc5 18. Qb3 Rb5 19. Qa3 Rb4 20. Rd6 Ne4 21. Rd4 Qb5 22. Rad1 h6 23. Qe3 Rxb2 24. Rxe4 Bxe4 25. Qxe4 Rf8 26. Nd4 Qa4 27. Ra1 Rd8 28. Nc6 Qxe4 29. Bxe4 Rdd2 30. Bd3 Rxa2 31. Rb1 Rab2 32. Rc1 Kf8 33. Nd4 a4 34. Nb5 Rxd3 35. exd3 Rxb5 36. Ra1 Ra5 37. Kf1 b5 38. Ke2 b4 39. Kd2 Ke7 40. Kc2 Kd6 41. Re1 Rc5+ 42. Kb2 Rc3 43. d4 a3+ 44. Kb1 Rb3+ 0-1


[Site "https://www.chess.com"]

[Event "Titled Tuesday Blitz March 28 Early 2023"]
[White "demon64fields"]
[Black "Garv Gaur"]
[BlackFideId "45030839"]
[WhiteElo "2850"]
[BlackElo "2068"]
[Result "1-0"]
[Round "03"]
[TimeControl "180+2"]
[Date "2023.03.28"]
[WhiteClock "0:02:42"]
[BlackClock "0:00:12"]

1. Nf3 Nf6 2. g3 c5 3. Bg2 Nc6 4. O-O e5 5. c4 d6 6. Nc3 g6 7. d3 Bg7 8. Bg5 h6 9. Bxf6 Bxf6 10. Ne1 O-O 11. Nc2 Bg7 12. Ne3 Be6 13. a3 Qd7 14. Rb1 a5 15. Ned5 Ra7 16. b4 axb4 17. axb4 f5 18. e3 f4 19. bxc5 dxc5 20. Ne4 Ra5 21. exf4 Bxd5 22. cxd5 Nd4 23. fxe5 Bxe5 24. Rb6 Kh7 25. d6 Rfa8 26. Rxb7 Qxb7 27. Nf6+ Bxf6 28. Bxb7 R8a7 29. Be4 Rd7 30. Qg4 Rxd6 31. Qxg6+ Kh8 32. Qh7# 1-0


[Site "https://www.chess.com"]

[Event "Titled Tuesday Blitz March 28 Early 2023"]
[White "Horvath, Dominik"]
[Black "Dixit, Nikhil"]
[WhiteFideId "1642561"]
[BlackFideId "5059534"]
[WhiteElo "2407"]
[BlackElo "2207"]
[Result "0-1"]
[Round "03"]
[TimeControl "180+2"]
[Date "2023.03.28"]
[WhiteClock "0:00:25"]
[BlackClock "0:00:29"]

1. e4 g6 2. h4 d5 3. h5 dxe4 4. hxg6 fxg6 5. Nc3 Nf6 6. d3 Nc6 7. Bg5 Bf5 8. Bxf6 exf6 9. dxe4 Qxd1+ 10. Rxd1 Be6 11. Nd5 Bxd5 12. exd5 Ne5 13. Rh4 O-O-O 14. Ra4 Kb8 15. Ne2 Re8 16. Kd2 Bh6+ 17. Kc3 Nf7 18. Nd4 f5 19. Ne6 Nd8 20. Nc5 Bg7+ 21. Kb3 Bf8 22. Nd7+ Ka8 23. Bb5 Bd6 24. Rdd4 a6 25. Bd3 Re7 26. Bb5 Ka7 27. c4 Nf7 28. c5 Be5 29. Nxe5 Rxe5 30. Bc4 Rf8 31. Kb4 Re4 32. Rxe4 fxe4 33. c6 Nd6 34. cxb7 Kxb7 35. Bxa6+ Kb6 36. f3 exf3 37. Bf1 Rf4+ 38. Kb3 Rxa4 39. Kxa4 f2 40. Kb4 Nf5 41. Kc3 Ng3 42. Kd2 Nxf1+ 43. Ke2 Ng3+ 44. Kxf2 Nf5 45. Kf3 Kc5 46. Ke4 Ne7 47. a4 Nxd5 48. Ke5 Nb6 49. b3 Kb4 50. Kf6 Kxb3 51. a5 Na8 52. Kg7 c5 53. Kxh7 c4 54. Kxg6 c3 55. g4 c2 56. g5 c1=Q 57. Kh7 Qxg5 58. Kh8 Kc4 59. a6 Kd5 60. a7 Ke6 0-1


[Site "https://www.chess.com"]

[Event "Titled Tuesday Blitz March 28 Early 2023"]
[White "Sousa, Andre Ventura"]
[Black "Mendonca, Leon Luke"]
[WhiteFideId "1917617"]
[BlackFideId "35028561"]
[WhiteElo "2348"]
[BlackElo "2464"]
[Result "1/2-1/2"]
[Round "03"]
[TimeControl "180+2"]
[Date "2023.03.28"]
[WhiteClock "0:00:12"]
[BlackClock "0:00:09"]

1. d4 Nf6 2. Nf3 b5 3. e3 a6 4. a4 b4 5. c4 bxc3 6. Nxc3 e6 7. Bd3 d5 8. O-O Nc6 9. e4 Nb4 10. e5 Nd7 11. Bg5 Be7 12. Bxe7 Qxe7 13. a5 Rb8 14. Bb1 O-O 15. Qd2 c5 16. Re1 f6 17. exf6 Nxf6 18. Na4 cxd4 19. Qxd4 Nc6 20. Qh4 Rb4 21. Qg5 Rg4 22. Qe3 Nxa5 23. Nb6 Nc4 24. Nxc4 Rxc4 25. Ng5 h6 26. Nf3 Qb4 27. Bd3 Rc7 28. Bxa6 Bd7 29. Ne5 Ne4 30. Nxd7 Rxd7 31. Bd3 Nc5 32. Bg6 Re7 33. Rad1 Qxb2 34. h4 Nd7 35. h5 Qf6 36. Re2 e5 37. Rxd5 Kh8 38. Red2 Nb6 39. Rd6 Re6 40. Qxb6 Rxd6 41. Rxd6 Qf4 42. Qe3 Qg4 43. Rd2 Qe6 44. Re2 Qd6 45. Qxe5 Qd1+ 46. Re1 Qd2 47. Qe7 Qxf2+ 48. Kh2 Qf4+ 49. Kh1 Qf2 50. Qxf8+ Qxf8 51. Re8 Kg8 52. Rxf8+ Kxf8 53. Kh2 Ke7 54. Kg3 Kf6 55. Kf3 Kg5 56. g4 Kf6 57. Kg3 Ke5 58. g5 hxg5 59. Kg4 Kf6 60. Be4 Kf7 61. Kxg5 Kg8 62. Kg6 Kh8 63. Kf7 g5 64. hxg6 1/2-1/2


[Site "https://www.chess.com"]

[Event "Titled Tuesday Blitz March 28 Early 2023"]
[White "WindWhistler11"]
[Black "Smirnov, Pavel"]
[BlackFideId "4123425"]
[WhiteElo "2497"]
[BlackElo "2519"]
[Result "0-1"]
[Round "03"]
[TimeControl "180+2"]
[Date "2023.03.28"]
[WhiteClock "0:01:35"]
[BlackClock "0:02:41"]

1. Nf3 Nf6 2. c4 e6 3. g3 d5 4. Bg2 Be7 5. O-O O-O 6. b3 c5 7. Bb2 d4 8. e3 Nc6 9. exd4 cxd4 10. Re1 Ng4 11. h3 Nh6 12. d3 f6 13. a3 a5 14. Nbd2 e5 15. Qc2 Nf7 16. g4 Be6 17. Ne4 Qd7 18. Ng3 Rae8 19. Bc1 Kh8 20. Bd2 g6 21. Reb1 f5 22. g5 f4 23. Ne4 Bxh3 0-1


[Site "https://www.chess.com"]

[Event "Titled Tuesday Blitz March 28 Early 2023"]
[White "Nagy, Gabor"]
[Black "Tanmay Jain"]
[WhiteFideId "737119"]
[BlackFideId "45015481"]
[WhiteElo "2510"]
[BlackElo "2032"]
[Result "1-0"]
[Round "03"]
[TimeControl "180+2"]
[Date "2023.03.28"]
[WhiteClock "0:01:23"]
[BlackClock "0:00:02"]

1. d4 Nf6 2. Nc3 d5 3. Bf4 e6 4. a3 Bd6 5. e3 O-O 6. Nf3 Qe7 7. Bd3 a6 8. h4 c5 9. dxc5 Bxc5 10. e4 e5 11. Bg5 d4 12. Nd5 Qd6 13. Nxf6+ gxf6 14. Bh6 Re8 15. h5 f5 16. Nh4 Qxh6 17. Qf3 Qf4 18. Qe2 Nc6 19. g3 Qg4 20. f3 Qxg3+ 21. Kf1 Kh8 22. exf5 e4 23. Bxe4 Ne5 24. Rd1 Bd7 25. b4 Bb5 26. Rd3 Nxd3 27. cxd3 Bd6 28. Ng6+ Kg8 29. Rg1 Qh3+ 30. Ke1 Bg3+ 31. Kd1 hxg6 32. hxg6 f6 33. Qa2+ Kh8 34. Qf7 Ba4+ 35. Kc1 Bf4+ 36. Kb1 Bc2+ 37. Ka1 1-0


[Site "https://www.chess.com"]

[Event "Titled Tuesday Blitz March 28 Early 2023"]
[White "Bryakin, Mikhail"]
[Black "Andreev, Konstantin"]
[WhiteFideId "4165314"]
[BlackFideId "24239305"]
[WhiteElo "2449"]
[BlackElo "2106"]
[Result "0-1"]
[Round "03"]
[TimeControl "180+2"]
[Date "2023.03.28"]
[WhiteClock "0:01:31"]
[BlackClock "0:01:08"]

1. e4 c5 2. c3 d5 3. exd5 Qxd5 4. Qf3 Qxf3 5. Nxf3 Nf6 6. Bb5+ Bd7 7. Na3 a6 8. Bxd7+ Nbxd7 9. d4 cxd4 10. Nxd4 e6 11. Be3 Bxa3 12. bxa3 Rc8 13. Rb1 Rxc3 14. Rxb7 Rxa3 15. O-O Rxa2 16. Rc1 O-O 17. Rcc7 Nd5 18. Rc1 Nxe3 19. fxe3 Ne5 20. h3 h6 21. Rcc7 a5 22. Nxe6 Re8 23. Nd4 a4 24. Ra7 Rb8 25. Nc6 Nxc6 26. Rxc6 Rbb2 27. g4 Rg2+ 28. Kf1 Rh2 0-1


[Site "https://www.chess.com"]

[Event "Titled Tuesday Blitz March 28 Early 2023"]
[White "Sztokbant, Bernardo Vainzoff"]
[Black "Mahdavi, Reza"]
[WhiteFideId "2115956"]
[BlackFideId "12595926"]
[WhiteElo "2222"]
[BlackElo "2208"]
[Result "0-1"]
[Round "03"]
[TimeControl "180+2"]
[Date "2023.03.28"]
[WhiteClock "0:00:02"]
[BlackClock "0:00:58"]

1. e4 c5 2. Nf3 e6 3. d4 cxd4 4. Nxd4 Nc6 5. Nc3 Qc7 6. Nxc6 bxc6 7. Bd3 d5 8. O-O Nf6 9. Qe2 Be7 10. b3 O-O 11. Bb2 a5 12. Kh1 Re8 13. Rad1 Bb7 14. f4 Nd7 15. e5 Nc5 16. f5 Nxd3 17. cxd3 exf5 18. Rxf5 Bc8 19. Rxf7 Kxf7 20. Qh5+ Kf8 21. Rf1+ Bf6 22. exf6 g6 23. Qh6+ Kg8 24. h3 Qf7 25. Na4 Bf5 26. Nc5 Re2 27. Bd4 Rae8 28. Qg5 Bc8 29. Qh6 Rxa2 30. Rf3 Re1+ 31. Kh2 Ree2 32. Rg3 Rad2 33. h4 Rd1 34. h5 Ree1 35. Rf3 Rh1+ 36. Kg3 Rxh5 37. Qf4 Re1 38. Qb8 Re8 39. Qd6 Rg5+ 40. Kf2 Rf5 41. Rxf5 Bxf5 42. Qf4 h5 43. Kg1 Kh7 44. Qg5 Re1+ 45. Kf2 Re8 46. Kg1 Qc7 47. Be3 Kg8 48. Qh6 Rf8 49. Bd4 Qf7 50. Qg5 Re8 51. Kh2 Kh7 52. Be3 Qf8 53. Bd4 Qd6+ 54. Kg1 Rf8 55. Be3 Rf7 56. Qh6+ Kg8 57. Bd4 Qg3 0-1


[Site "https://www.chess.com"]

[Event "Titled Tuesday Blitz March 28 Early 2023"]
[White "Karolczuk, Iwo"]
[Black "Koc, Przemyslaw"]
[WhiteFideId "21816972"]
[BlackFideId "1109081"]
[WhiteElo "2348"]
[BlackElo "2161"]
[Result "1-0"]
[Round "03"]
[TimeControl "180+2"]
[Date "2023.03.28"]
[WhiteClock "0:01:25"]
[BlackClock "0:01:38"]

1. e4 e5 2. Nf3 Nf6 3. d4 Nxe4 4. Bd3 d5 5. Nxe5 Nd7 6. Nxd7 Bxd7 7. Nc3 Nxc3 8. bxc3 Be7 9. Qh5 g6 10. Qxd5 Bc6 11. Qxd8+ Rxd8 12. O-O O-O 13. Bf4 Bd6 14. Bxd6 cxd6 15. c4 Rfe8 16. Rfe1 Kf8 17. f3 b6 18. Kf2 Bb7 19. a4 Rxe1 20. Kxe1 Rd7 21. a5 bxa5 22. Rxa5 Rc7 23. Kd2 Bc8 24. Kc3 Ke7 25. d5 h5 26. Kd4 h4 27. c5 dxc5+ 28. Rxc5 Rxc5 29. Kxc5 Kd7 30. c4 g5 31. Bf5+ 1-0


[Site "https://www.chess.com"]

[Event "Titled Tuesday Blitz March 28 Early 2023"]
[White "Mikhailovsky, Vladimir"]
[Black "Pein, Jonathan"]
[WhiteFideId "34105414"]
[BlackFideId "417092"]
[WhiteElo "2293"]
[BlackElo "2151"]
[Result "1-0"]
[Round "03"]
[TimeControl "180+2"]
[Date "2023.03.28"]
[WhiteClock "0:00:13"]
[BlackClock "0:01:19"]

1. d4 g6 2. e4 Bg7 3. h4 h5 4. Nc3 d5 5. exd5 Nf6 6. Bg5 Nxd5 7. Bc4 Nxc3 8. bxc3 O-O 9. Nf3 c5 10. O-O Bg4 11. Qd3 Nc6 12. Qxg6 Qd6 13. Qe4 cxd4 14. Bf4 e5 15. Ng5 Rfd8 16. Nxf7 Qc5 17. Nxe5+ Qxc4 18. Nxc4 dxc3 19. Nd6 Nd4 20. f3 Ne2+ 21. Qxe2 Bd4+ 22. Kh2 Bf5 23. Qc4+ Be6 24. Qxe6+ Kh7 25. Qf7+ Bg7 26. Nf5 Rg8 27. Qxh5+ Bh6 28. Qxh6# 1-0


[Site "https://www.chess.com"]

[Event "Titled Tuesday Blitz March 28 Early 2023"]
[White "Grunberg, Mihai-Lucian"]
[Black "Skvortsov, Andrei"]
[WhiteFideId "1204149"]
[BlackFideId "24108600"]
[WhiteElo "2363"]
[BlackElo "2259"]
[Result "0-1"]
[Round "03"]
[TimeControl "180+2"]
[Date "2023.03.28"]
[WhiteClock "0:00:25"]
[BlackClock "0:00:25"]

1. Nf3 c5 2. c4 Nf6 3. Nc3 d5 4. cxd5 Nxd5 5. d4 Nxc3 6. bxc3 e6 7. e4 cxd4 8. cxd4 Bb4+ 9. Bd2 Bxd2+ 10. Qxd2 O-O 11. Bc4 b6 12. O-O Bb7 13. a4 Nc6 14. d5 Na5 15. Ba2 exd5 16. exd5 Qd6 17. Rfd1 Rad8 18. Ng5 Qg6 19. Bb1 f5 20. Ne6 Bxd5 21. Nf4 Qf6 22. Nxd5 Qxa1 23. Ne7+ Kf7 24. Ba2+ Kf6 25. Nd5+ Rxd5 26. Qxd5 Qe5 27. Qd7 Re8 28. Qf7+ Kg5 29. g3 Kh6 30. Rd5 Qe1+ 31. Kg2 Qe4+ 32. f3 Qe2+ 33. Kh3 Qf1+ 34. Kh4 g5# 0-1


[Site "https://www.chess.com"]

[Event "Titled Tuesday Blitz March 28 Early 2023"]
[White "Schmakel, Sam"]
[Black "Forgacs, Attila Jr."]
[WhiteFideId "2039311"]
[BlackFideId "773654"]
[WhiteElo "2356"]
[BlackElo "2168"]
[Result "1-0"]
[Round "03"]
[TimeControl "180+2"]
[Date "2023.03.28"]
[WhiteClock "0:01:52"]
[BlackClock "0:01:31"]

1. Nf3 Nf6 2. g3 g6 3. Bg2 Bg7 4. O-O O-O 5. d4 d6 6. Nc3 c6 7. a4 Na6 8. a5 Nc7 9. e4 d5 10. e5 Nd7 11. Be3 c5 12. dxc5 Nxe5 13. Nxe5 Bxe5 14. Nxd5 Nxd5 15. Qxd5 Qxd5 16. Bxd5 Bxb2 17. Rab1 Bc3 18. a6 Rb8 19. axb7 Bh3 20. c6 Bxf1 21. Kxf1 Be5 22. Bf4 Bxf4 23. gxf4 e6 24. Bf3 a5 25. c7 a4 26. c4 a3 27. cxb8=Q Rxb8 28. c5 Kf8 29. c6 Ke7 30. c7 1-0


[Site "https://www.chess.com"]

[Event "Titled Tuesday Blitz March 28 Early 2023"]
[White "Bashirli, Nail"]
[Black "Manukian, Artak"]
[WhiteFideId "13406809"]
[BlackFideId "13301373"]
[WhiteElo "2338"]
[BlackElo "2130"]
[Result "1-0"]
[Round "03"]
[TimeControl "180+2"]
[Date "2023.03.28"]
[WhiteClock "0:00:13"]
[BlackClock "0:00:06"]

1. e4 c6 2. d4 d5 3. Nc3 dxe4 4. Nxe4 Nf6 5. Nxf6+ exf6 6. c3 Bd6 7. Bd3 Na6 8. Ne2 Nc7 9. O-O Nd5 10. Qc2 b5 11. a4 b4 12. c4 Ne7 13. Re1 Kf8 14. Bf4 Ng6 15. Bxd6+ Qxd6 16. Ng3 Qxd4 17. Rad1 Bg4 18. Be2 Qf4 19. Bxg4 Qxg4 20. Qd2 Qc8 21. Nf5 h5 22. Qxb4+ c5 23. Qa5 Ne5 24. Nd6 Qc6 25. f4 Ng4 26. Nf5 Qb6 27. Qxb6 axb6 28. Rd7 Kg8 29. Ree7 Rxa4 30. Kf1 Rxc4 31. g3 Nh6 32. Nxh6+ Rxh6 33. Rxf7 Rg6 34. Rfe7 h4 35. Re8+ Kh7 36. Kg2 hxg3 37. hxg3 Rc2+ 38. Kh3 Rh6+ 39. Kg4 Rg6+ 40. Kf5 Rh2 41. Rdd8 Rh5+ 42. Ke6 Rxg3 43. Kf7 1-0


[Site "https://www.chess.com"]

[Event "Titled Tuesday Blitz March 28 Early 2023"]
[White "Iskusnyh, Sergei"]
[Black "Novikov, Evgenij"]
[WhiteFideId "4120027"]
[BlackFideId "4125380"]
[WhiteElo "2492"]
[BlackElo "2242"]
[Result "0-1"]
[Round "03"]
[TimeControl "180+2"]
[Date "2023.03.28"]
[WhiteClock "0:00:06"]
[BlackClock "0:00:17"]

1. d4 d5 2. c4 e6 3. Nf3 Nf6 4. g3 Be7 5. Bg2 O-O 6. O-O c6 7. Qc2 Nbd7 8. Rd1 b6 9. b3 Bb7 10. Nc3 Rc8 11. e4 Bb4 12. e5 Bxc3 13. Qxc3 Ne4 14. Qe1 f5 15. exf6 Qxf6 16. Be3 c5 17. cxd5 exd5 18. Nd2 Nc3 19. dxc5 Nxd1 20. Qxd1 Nxc5 21. Nf3 Ne4 22. Bd4 Qc6 23. Ne1 Nxf2 24. Bxf2 Rxf2 25. Kxf2 Qc5+ 26. Ke2 Re8+ 27. Kd2 Qf2+ 28. Kc3 Rc8+ 29. Kb4 Qc5+ 0-1


[Site "https://www.chess.com"]

[Event "Titled Tuesday Blitz March 28 Early 2023"]
[White "Nguyen Hong Nhung"]
[Black "HSH1987"]
[WhiteFideId "12412201"]
[WhiteElo "1904"]
[BlackElo "2705"]
[Result "0-1"]
[Round "03"]
[TimeControl "180+2"]
[Date "2023.03.28"]
[WhiteClock "0:00:05"]
[BlackClock "0:00:12"]

1. e4 c6 2. d4 d5 3. f3 e6 4. Nc3 Nf6 5. Bf4 Qb6 6. a3 Be7 7. e5 Nfd7 8. Nh3 c5 9. Be3 Nc6 10. dxc5 Bxc5 11. Bxc5 Qxc5 12. f4 a6 13. Bd3 b5 14. Qf3 Nb6 15. Qf2 Qxf2+ 16. Nxf2 Bb7 17. O-O h6 18. Rfe1 Ke7 19. a4 b4 20. Ne2 a5 21. Bb5 Rhc8 22. c3 bxc3 23. bxc3 Ba6 24. Reb1 Nd7 25. Nd3 g5 26. g3 gxf4 27. gxf4 Nd8 28. Kf2 Bxb5 29. Rxb5 Nc6 30. Ke3 Rcb8 31. Rab1 Rxb5 32. Rxb5 Kd8 33. Nd4 Nxd4 34. Kxd4 Kc7 35. f5 Kc6 36. fxe6 fxe6 37. c4 dxc4 38. Kxc4 Nb6+ 39. Kd4 Nxa4 40. Rb1 Nb6 41. Ke3 Nd5+ 42. Kd4 a4 43. Rc1+ Kd7 44. Nc5+ Ke7 45. Ra1 a3 46. Nd3 Ra4+ 47. Kc5 a2 48. Kb5 Rh4 49. Rxa2 Nc3+ 50. Kc5 Nxa2 51. Kc6 Nc3 52. Kc5 Nd5 53. Kc6 Rxh2 54. Nc5 h5 55. Kb7 h4 56. Na6 Rb2+ 57. Ka8 Ra2 58. Kb7 Rxa6 59. Kxa6 h3 0-1


[Site "https://www.chess.com"]